[Event "GER-ch Rapid Women 2017"]
[Site "Erfurt"]
[Date "2017.07.29"]
[Round "1"]
[White "Michna, Marta"]
[Black "Daemering, Katrin"]
[Result "1-0"]
[ECO "A05"]
[WhiteElo "2377"]
[BlackElo "2033"]
[Annotator "ChessBase"]
[PlyCount "87"]
[EventDate "2017.??.??"]
[EventType "swiss"]
[EventCountry "GER"]
[SourceTitle "playchess.com"]
[Source "ChessBase"]
[SourceQuality "1"]
[TimeControl "1200"]

1. Nf3 Nf6 2. g3 g6 3. Bg2 Bg7 4. O-O d6 5. d3 O-O 6. e4 e5 7. h3 Nc6 8. c3 h6 9. b4 Be6 10. a4 a6 11. Kh2 Ne8 12. Nh4 Kh7 13. Bb2 Rb8 14. b5 Ne7 15. f4 exf4 16. gxf4 f5 17. Nd2 fxe4 18. Bxe4 Nf5 19. Nxf5 Bxf5 20. Qe2 Qh4 21. Bxf5 Rxf5 22. d4 Rxf4 23. Nf3 Re4 24. Qg2 Qe7 25. Rae1 Rxe1 26. Rxe1 Qf7 27. Bc1 axb5 28. axb5 Ra8 29. Rg1 Ra2 30. Bd2 Nf6 31. Kh1 Ne4 32. Rf1 Qf5 33. Ng5+ Qxg5 34. Bxg5 Rxg2 35. Kxg2 Nxg5 36. Re1 c6 37. b6 Bf6 38. Re8 c5 39. dxc5 dxc5 40. Rb8 Bxc3 41. Rxb7+ Kg8 42. Rc7 Ba5 43. Rc8+ Kf7 44. b7 1-0

[Event "GER-ch Rapid Women 2017"]
[Site "Erfurt"]
[Date "2017.07.29"]
[Round "1"]
[White "Osmanodja, Filiz"]
[Black "Zimmer, Elke"]
[Result "1-0"]
[ECO "C96"]
[WhiteElo "2273"]
[BlackElo "1950"]
[Annotator "NA"]
[PlyCount "173"]
[EventDate "2017.??.??"]
[EventType "swiss"]
[EventCountry "GER"]
[SourceTitle "playchess.com"]
[Source "ChessBase"]
[SourceQuality "1"]
[TimeControl "1200"]

1. e4 e5 2. Nf3 Nc6 3. Bb5 a6 4. Ba4 Nf6 5. O-O d6 6. Re1 Be7 7. h3 O-O 8. c3 b5 9. Bb3 Na5 10. Bc2 c5 11. d4 Bb7 12. d5 Nc4 13. b3 {[%emt 0:00:51] C96: Closed Ruy Lopez: Chigorin Defence: 11 d4, replies other than 11...Qc7} (13. a4 Nb6 14. b3 Bc8 15. Qe2 Bd7 16. Be3 bxa4 17. bxa4 Qe8 18. a5 Bb5 19. Bd3 Bxd3 20. Qxd3 Qb5 21. Qc2 Nc4 22. Nbd2 Nxe3 23. Rxe3 {0-1 (65) Saric,I (2668)-Rapport,R (2752) Monzon 2016}) 13... Nb6 14. Nbd2 a5 15. Nf1 Re8 ({Find the theoretical novelty and annotate with similar games:} 15... Qc7 16. Ng3 a4 17. Be3 axb3 18. axb3 Rxa1 19. Qxa1 Ra8 20. Qb2 Bc8 {½-½ (41) Valak,A (2250)-Splichal,J (2279) ICCF email 2004}) 16. Ng3 Bc8 17. Qe2 b4 18. Bd2 Nbd7 19. Nf5 Nf8 20. N3h4 Ng6 21. Nxe7+ Qxe7 22. Nf5 Qc7 23. c4 Bd7 24. Bg5 Nf4 25. Qf3 Bxf5 26. exf5 N4h5 27. g4 Nf4 28. Bxf4 exf4 29. Qxf4 Qd7 30. g5 Rxe1+ 31. Rxe1 Re8 32. Rf1 Nh5 33. Qg4 g6 34. fxg6 Qxg4+ 35. hxg4 Nf4 36. gxh7+ Kh8 37. Kh2 Re2 38. Bf5 Ng6 39. Bb1 Kxh7 40. Kg3 Kg7 41. f4 Re3+ 42. Kf2 Rc3 43. Bxg6 Kxg6 44. Re1 Rh3 45. Kg2 Rc3 46. Re2 Rd3 47. Kf2 Rh3 48. Kg2 Rc3 49. Kf1 Rf3+ 50. Rf2 Rg3 51. Ke2 Rxg4 52. Kf3 Rh4 53. Kg3 Rh1 54. Rh2 Rg1+ $1 55. Kf2 Ra1 56. Kf3 Rf1+ 57. Kg3 Rg1+ $11 58. Rg2 Rc1 59. Kg4 Rd1 60. f5+ Kg7 61. Rh2 Rd4+ 62. Kh5 f6 63. Re2 fxg5 64. Kxg5 Kf7 65. Rh2 Re4 66. Rh7+ Kg8 67. Ra7 Re2 68. Rxa5 Rg2+ 69. Kf6 Kh7 70. Kf7 Rg7+ 71. Kf6 Rg2 72. Ra7+ Kh6 73. Ra8 Kh7 74. Ra7+ Kh6 75. Ra6 Kh7 76. Kf7 Rg7+ 77. Kf6 Rg2 78. Rxd6 Rxa2 79. Rd7+ Kg8 80. Rg7+ Kh8 81. d6 Ra6 82. Ke7 Ra7+ 83. d7 Rxd7+ 84. Kxd7 Kxg7 85. Ke7 Kh6 86. f6 Kg6 87. f7 1-0

[Event "GER-ch Rapid Women 2017"]
[Site "Erfurt"]
[Date "2017.07.29"]
[Round "1"]
[White "Rogozenco, Teodora"]
[Black "Perez Celis, Alba"]
[Result "1-0"]
[ECO "A85"]
[WhiteElo "2169"]
[BlackElo "1790"]
[Annotator "NA"]
[PlyCount "35"]
[EventDate "2017.??.??"]
[EventType "swiss"]
[EventCountry "GER"]
[SourceTitle "playchess.com"]
[Source "ChessBase"]
[SourceQuality "1"]
[TimeControl "1200"]

1. d4 f5 2. c4 Nf6 3. Nc3 g6 4. h4 Bg7 5. h5 Nxh5 6. e4 Nf6 7. e5 Ne4 8. Nxe4 fxe4 9. Qg4 d5 10. e6 O-O 11. Nh3 Qd6 12. Nf4 Bxd4 13. cxd5 Qb4+ 14. Bd2 Bxf2+ 15. Kd1 Qxb2 16. Rc1 e3 17. Bc3 Qxa2 18. Qxg6+ 1-0

[Event "GER-ch Rapid Women 2017"]
[Site "Erfurt"]
[Date "2017.07.29"]
[Round "1"]
[White "Hess, Olena"]
[Black "Kinzel, Tiffany"]
[Result "1-0"]
[ECO "A06"]
[WhiteElo "2094"]
[BlackElo "1755"]
[Annotator "NA"]
[PlyCount "127"]
[EventDate "2017.??.??"]
[EventType "swiss"]
[EventCountry "GER"]
[SourceTitle "playchess.com"]
[Source "ChessBase"]
[SourceQuality "1"]
[TimeControl "1200"]

1. Nf3 d5 2. d4 e6 3. c4 b6 4. Nc3 Bd6 5. cxd5 exd5 6. Nxd5 Bxh2 7. Nxb6 axb6 8. Rxh2 Nf6 9. e3 Bf5 10. Bd3 Qd5 11. Bxf5 Qxf5 12. Ne5 Nbd7 13. Qf3 Qxf3 14. Nxf3 O-O 15. Bd2 Ne4 16. a3 Ndf6 17. Rc1 Rac8 18. Ne5 c5 19. f3 Ng5 20. dxc5 bxc5 21. Ke2 Rfe8 22. Nd3 c4 23. Nb4 Ne6 24. Kf2 Nd7 25. Rhh1 Nb6 26. Bc3 Nc5 27. Rcd1 Re7 28. Rd6 Nba4 29. Rhd1 Ree8 30. Bd4 Nb3 31. Rd2 h6 32. Ra6 Nxd2 33. Rxa4 Nb3 34. Bc3 Re6 35. Ra7 Rce8 36. e4 Rd6 37. Nd5 Nc5 38. Kg3 Rg6+ 39. Kh2 Rb8 40. Ne7+ Kh7 41. Nxg6 Kxg6 42. Rc7 Nd3 43. Rc6+ Kh7 44. Rxc4 Nxb2 45. Rb4 Rxb4 46. Bxb4 Nc4 47. Kg3 Kg6 48. Kf4 Kf6 49. Bc3+ Kg6 50. a4 f6 51. a5 Nxa5 52. Bxa5 Kf7 53. Kf5 g6+ 54. Kf4 Ke6 55. Bc3 g5+ 56. Kg4 Kf7 57. Kf5 Kg7 58. Bxf6+ Kf7 59. e5 Ke8 60. e6 Kf8 61. Kg6 g4 62. fxg4 Kg8 63. e7 h5 64. e8=Q# 1-0

[Event "GER-ch Rapid Women 2017"]
[Site "Erfurt"]
[Date "2017.07.29"]
[Round "1"]
[White "Birkholz, Olga"]
[Black "Fuchs, Judith"]
[Result "0-1"]
[ECO "A43"]
[WhiteElo "2076"]
[BlackElo "2285"]
[Annotator "NA"]
[PlyCount "87"]
[EventDate "2017.??.??"]
[EventType "swiss"]
[EventCountry "GER"]
[SourceTitle "playchess.com"]
[Source "ChessBase"]
[SourceQuality "1"]
[TimeControl "1200"]

1. d4 Nf6 2. Nf3 c5 3. d5 b5 4. c4 bxc4 5. Nc3 g6 6. e4 d6 7. Bxc4 Bg7 8. O-O O-O {[%emt 0:00:03] LiveBook: 37 Games} 9. Qe2 {[%emt 0:00:28] A57: Benko/Volga Gambit} (9. Bf4 Bg4 10. h3 Bxf3 11. Qxf3 Nbd7 12. Qe2 Rb8 13. Rab1 Ne8 14. Qc2 Nc7 15. a3 a6 16. a4 Rb4 {1-0 (113) Ribli,Z (2552)-Rogulj,B (2422) Slovenia 2014}) 9... Nfd7 10. Bg5 Re8 $146 ({Predecessor:} 10... Nb6 11. Bd3 c4 12. Bxc4 Nxc4 13. Qxc4 {½-½ (28) Lupik,M (2226)-Zigangirova,S (2327) Peterhof 2006}) 11. Rab1 Qa5 12. Rfc1 Ba6 13. Nb5 Ne5 14. Nxe5 Bxe5 15. Bd2 Qd8 16. f4 Bg7 17. Bc3 Nd7 18. Nxd6 exd6 19. Bxa6 Nf6 20. Bd3 (20. Bb5 $14 Re7 21. e5) 20... Nxd5 (20... c4 $5 21. Bc2 (21. Bxc4 Nxe4 22. Re1 Bxc3 $17) 21... Nxd5 $11) 21. Bxg7 Kxg7 ({But not} 21... Nxf4 $2 22. Qf1 $18) 22. Qf3 Nf6 23. Re1 Rb8 24. g4 Rb4 25. g5 (25. b3 $11) 25... Nd7 (25... Nh5 $17 26. Bc2 f6) 26. b3 Kg8 27. Rbd1 Rd4 28. Bb5 Re7 29. a4 Qb6 30. Kg2 a6 31. Bc4 Qb4 32. Rxd4 cxd4 $11 33. Rd1 Qb6 34. a5 Qxa5 35. Rxd4 Qa2+ 36. Kg3 Nc5 37. b4 Qb2 38. Qe3 Ne6 39. Rxd6 Qxb4 40. Rc6 a5 41. Rc8+ Nf8 42. Qd3 Qb6 43. Bd5 a4 44. Qc3 0-1

[Event "GER-ch Rapid Women 2017"]
[Site "Erfurt"]
[Date "2017.07.29"]
[Round "1"]
[White "Ries, Jutta"]
[Black "Yueksel, Anja"]
[Result "1-0"]
[ECO "A22"]
[WhiteElo "2051"]
[BlackElo "1472"]
[Annotator "NA"]
[PlyCount "78"]
[EventDate "2017.??.??"]
[EventType "swiss"]
[EventCountry "GER"]
[SourceTitle "playchess.com"]
[Source "ChessBase"]
[SourceQuality "1"]
[TimeControl "1200"]

1. c4 e5 2. Nc3 Nf6 3. g3 c6 4. Bg2 Bc5 5. e3 d5 6. cxd5 cxd5 7. Qb3 e4 8. Qb5+ Nfd7 9. Nxd5 a6 10. Qc4 f5 11. Nf4 Qe7 12. Nd5 Qd6 13. b4 Bb6 14. Qxc8+ Bd8 15. Qxb7 Qc6 16. Qxc6 Nxc6 17. Bb2 O-O 18. Ne2 Rb8 19. a3 Nce5 20. Bxe5 Nxe5 21. Nef4 Rc8 22. Ne6 Nd3+ 23. Ke2 Re8 24. Nxd8 Rexd8 25. Ne7+ Kf7 26. Nxc8 Rxc8 27. f3 Rd8 28. fxe4 fxe4 29. Bxe4 Ne5 30. Rhf1+ Ke6 31. d4 Nc4 32. Rfc1 Rc8 33. g4 g6 34. h4 Rc7 35. Bd3 Kd5 36. Rc3 Rc6 37. Rac1 a5 38. Bxc4+ Kd6 39. e4 axb4 1-0

[Event "GER-ch Rapid Women 2017"]
[Site "Erfurt"]
[Date "2017.07.29"]
[Round "1"]
[White "Mader, Lena"]
[Black "Mader, Manuela"]
[Result "0-1"]
[ECO "A05"]
[WhiteElo "1880"]
[BlackElo "2203"]
[Annotator "NA"]
[PlyCount "110"]
[EventDate "2017.??.??"]
[EventType "swiss"]
[EventCountry "GER"]
[SourceTitle "playchess.com"]
[Source "ChessBase"]
[SourceQuality "1"]
[TimeControl "1200"]

1. Nf3 Nf6 2. c4 g6 3. d4 Bg7 4. g3 d6 5. Bg2 O-O 6. Nc3 a6 7. b3 c5 8. e3 cxd4 9. exd4 Nc6 10. O-O Bd7 11. Bb2 Rb8 12. Re1 Re8 13. a3 Na5 14. Rc1 Bh6 15. Ra1 Qb6 16. Nd2 Bxd2 17. Qxd2 Nxb3 18. c5 dxc5 19. dxc5 Qxc5 20. Qh6 Qxf2+ 21. Kxf2 Ng4+ 22. Kg1 Nxh6 23. Nd5 Nxa1 24. Bxa1 Be6 25. Nc7 Rec8 26. Nxe6 fxe6 27. Be5 Kf7 28. Bxb8 Rxb8 29. Rc1 Nf5 30. Rc7 Nd6 31. Rc2 b5 32. Rf2+ Ke8 33. Bh3 Nf5 34. Re2 Rb6 35. g4 Nd4 36. Re4 Nf3+ 37. Kf2 Ng5 38. Re3 a5 39. Bf1 Nf7 40. Rb3 Nd6 41. Re3 Kd7 42. Rd3 b4 43. axb4 axb4 44. Rb3 Ne4+ 45. Ke2 Nc5 46. Rb2 b3 47. Kd2 Na4 48. Rb1 Rd6+ 49. Kc1 b2+ 50. Kc2 Rc6+ 51. Kb3 Rc1 52. Bd3 Nc5+ 53. Kxb2 Nxd3+ 54. Ka1 Rxb1+ 55. Kxb1 Kd6 0-1

[Event "GER-ch Rapid Women 2017"]
[Site "Erfurt"]
[Date "2017.07.29"]
[Round "1"]
[White "Ganser, Ganokorn"]
[Black "Muetsch, Annmarie"]
[Result "0-1"]
[ECO "E20"]
[WhiteElo "1698"]
[BlackElo "2049"]
[Annotator "NA"]
[PlyCount "70"]
[EventDate "2017.??.??"]
[EventType "swiss"]
[EventCountry "GER"]
[SourceTitle "playchess.com"]
[Source "ChessBase"]
[SourceQuality "1"]
[TimeControl "1200"]

1. d4 Nf6 2. c4 e6 3. Nc3 Bb4 4. f3 d5 5. a3 Bxc3+ 6. bxc3 O-O 7. e3 c5 8. cxd5 exd5 9. Bd3 Nc6 10. Ne2 b6 11. O-O Bb7 12. Ng3 Ne7 13. Ra2 Bc6 14. Re2 Ng6 15. Bb1 Bb5 16. Bd3 Qd7 17. Bxb5 Qxb5 18. Nf5 Qc4 19. h4 h5 20. Rc2 Rad8 21. Qe2 Qxe2 22. Rxe2 Rfe8 23. Rfe1 Ne7 24. Ng3 Nc6 25. Bb2 g6 26. Kf2 Kg7 27. Rd2 Na5 28. e4 Nc4 29. Rde2 dxe4 30. fxe4 Nxb2 31. Rxb2 cxd4 32. cxd4 Rxd4 33. Rbe2 Re5 34. Kf3 Ng4 35. Rc2 Rd3+ 0-1

[Event "GER-ch Rapid Women 2017"]
[Site "Erfurt"]
[Date "2017.07.29"]
[Round "1"]
[White "Bachmann, Sylvia"]
[Black "Zschischang, Marine"]
[Result "0-1"]
[ECO "C10"]
[WhiteElo "1677"]
[BlackElo "2057"]
[Annotator "NA"]
[PlyCount "102"]
[EventDate "2017.??.??"]
[EventType "swiss"]
[EventCountry "GER"]
[SourceTitle "playchess.com"]
[Source "ChessBase"]
[SourceQuality "1"]
[TimeControl "1200"]

1. e4 e6 2. d4 d5 3. Nd2 dxe4 4. Nxe4 Nd7 5. Nf3 Ngf6 6. Nc3 c5 7. Bd3 a6 8. a4 cxd4 9. Nxd4 Ne5 10. O-O Nxd3 11. Qxd3 Bc5 12. Rd1 Qc7 13. Bg5 Bd7 14. Nb3 Be7 15. Qg3 Qxg3 16. hxg3 O-O-O 17. Rd3 Bc6 18. Rad1 e5 19. Na5 h6 20. Rxd8+ Rxd8 21. Be3 Rxd1+ 22. Nxd1 Bxa4 23. b3 Bd7 24. Nc4 Ng4 25. Bb6 Be6 26. Nce3 Nxe3 27. Nxe3 Kd7 28. c4 Kc6 29. Ba5 b5 30. cxb5+ Kxb5 31. Bc3 f6 32. g4 Bxb3 33. Nf5 Bf8 34. Kf1 a5 35. Ke1 a4 36. Kd2 Be6 37. Ne3 a3 38. Ba1 Ka4 39. Kc1 Kb3 40. f3 Bc5 41. Nf1 Bb4 42. Ne3 Bc3 43. Bxc3 Kxc3 44. Nc2 a2 45. Na1 Bc4 46. Nc2 Bf1 47. g3 Be2 48. f4 Bxg4 49. fxe5 fxe5 50. Na1 e4 51. Nc2 e3 0-1

[Event "GER-ch Rapid Women 2017"]
[Site "Erfurt"]
[Date "2017.07.29"]
[Round "2"]
[White "Fuchs, Judith"]
[Black "Rogozenco, Teodora"]
[Result "0-1"]
[ECO "A01"]
[WhiteElo "2285"]
[BlackElo "2169"]
[Annotator "NA"]
[PlyCount "164"]
[EventDate "2017.??.??"]
[EventType "swiss"]
[EventCountry "GER"]
[SourceTitle "playchess.com"]
[Source "ChessBase"]
[SourceQuality "1"]
[TimeControl "1200"]

1. b3 e5 2. Bb2 Bd6 3. g3 c6 4. Bg2 f5 5. f4 Qe7 6. fxe5 Bxe5 7. Nc3 Nf6 8. Nf3 Bc7 9. O-O d5 10. e3 O-O 11. Nd4 Ne4 12. a4 Na6 13. Qe1 Nb4 14. d3 Nc5 15. Qd2 Bd7 16. Rae1 Bd6 17. Nce2 a5 18. Nf4 Rae8 19. Nf3 Qd8 20. Nh5 Ne6 21. Ne5 Bc8 22. Nf4 Qb6 23. Kh1 Na6 24. Nf3 Bb4 25. Bc3 Qc5 26. Bxb4 Nxb4 27. c3 Na6 28. Nxe6 Rxe6 29. Nd4 Re5 30. Rf4 Qe7 31. Bh3 Nc5 32. Rf3 g6 33. Bg2 Re8 34. Kg1 Qg5 35. Rf4 Qe7 36. Rf3 Kg7 37. Kf2 f4 38. gxf4 Qh4+ 39. Kg1 Rh5 40. Bf1 Bf5 41. Nxf5+ Rxf5 42. b4 axb4 43. cxb4 Nxa4 44. Qf2 Qxf2+ 45. Kxf2 Nc3 46. Ra1 Rff8 47. Ra7 Re7 48. Ra1 Rd8 49. Re1 Rde8 50. Rg3 Re6 51. Bh3 Kf6 52. Bg2 R6e7 53. Rf3 Kg7 54. h4 h5 55. Rg3 Kf6 56. Bh3 Ra8 57. Rc1 Ra2+ 58. Kf3 Nd1 59. Rxd1 Ra3 60. Ke2 Ra2+ 61. Rd2 Ra1 62. Rg2 Rb1 63. Rf2 Rxb4 64. f5 g5 65. hxg5+ Kxg5 66. f6 Rf7 67. Be6 Rf8 68. f7 Kg6 69. Rc2 Ra4 70. Kd2 Raa8 71. Rg2+ Kf6 72. Bh3 Rxf7 73. Rf2+ Ke7 74. Rxf7+ Kxf7 75. Rb2 Ra7 76. Kc3 Ke7 77. Kd4 Kd6 78. e4 Ra4+ 79. Ke3 dxe4 80. dxe4 b5 81. Rd2+ Ke5 82. Rf2 Ra3+ {Rf5+} 0-1

[Event "GER-ch Rapid Women 2017"]
[Site "Erfurt"]
[Date "2017.07.29"]
[Round "2"]
[White "Mader, Manuela"]
[Black "Ries, Jutta"]
[Result "1-0"]
[ECO "B03"]
[WhiteElo "2203"]
[BlackElo "2051"]
[Annotator "NA"]
[PlyCount "101"]
[EventDate "2017.??.??"]
[EventType "swiss"]
[EventCountry "GER"]
[SourceTitle "playchess.com"]
[Source "ChessBase"]
[SourceQuality "1"]
[TimeControl "1200"]

1. e4 Nf6 2. e5 Nd5 3. d4 d6 4. c4 Nb6 5. exd6 cxd6 6. Nc3 g6 7. Be3 Bg7 8. Rc1 O-O 9. b3 Nc6 10. Nf3 Bg4 11. Be2 e5 12. d5 Ne7 13. Nd2 Bxe2 14. Qxe2 Nf5 15. Nde4 Nxe3 16. Qxe3 f5 17. Nd2 a6 18. h4 Nd7 19. a3 Qa5 20. Ncb1 e4 21. b4 Qd8 22. Nb3 Ne5 23. Kf1 Rc8 24. N1d2 Ng4 25. Qe2 e3 26. fxe3 Qe7 27. Rh3 Rce8 28. Kg1 Bb2 29. Rb1 Qf6 30. Qd3 Be5 31. Nf3 Re7 32. Nbd4 Bxd4 33. Nxd4 f4 34. Ne6 Rff7 35. exf4 Nh6 36. Rf1 Nf5 37. Ng5 Rf8 38. Ne4 Qd4+ 39. Qxd4 Nxd4 40. Nxd6 Ne2+ 41. Kh2 Nxf4 42. Rhf3 g5 43. hxg5 Ng6 44. Rxf8+ Nxf8 45. Nf5 Rc7 46. Nh6+ Kg7 47. d6 Rxc4 48. Rf7+ Kg6 49. Rxf8 Kxg5 50. Nf7+ Kf6 51. d7 1-0

[Event "GER-ch Rapid Women 2017"]
[Site "Erfurt"]
[Date "2017.07.29"]
[Round "2"]
[White "Zschischang, Marine"]
[Black "Osmanodja, Filiz"]
[Result "0-1"]
[ECO "B20"]
[WhiteElo "2057"]
[BlackElo "2273"]
[Annotator "NA"]
[PlyCount "96"]
[EventDate "2017.??.??"]
[EventType "swiss"]
[EventCountry "GER"]
[SourceTitle "playchess.com"]
[Source "ChessBase"]
[SourceQuality "1"]
[TimeControl "1200"]

1. e4 c5 2. c4 Nc6 3. Nc3 g6 4. g3 Bg7 5. Bg2 e6 6. f4 Nge7 7. Nge2 O-O 8. O-O d6 9. d3 a6 10. Rb1 b5 11. b3 b4 12. Na4 Nd4 13. Bb2 Nec6 14. h3 Rb8 15. Kh2 Nxe2 16. Qxe2 Nd4 17. Bxd4 Bxd4 18. Nb2 Bb7 19. Nd1 d5 20. e5 dxc4 21. dxc4 Qa5 22. Nf2 Bxg2 23. Kxg2 Bxf2 24. Kxf2 Rbd8 25. Rfd1 Rd4 26. Rxd4 cxd4 27. Rd1 Rd8 28. Rd3 Qa3 29. Qd2 Kg7 30. Kf3 a5 31. Qc2 Rc8 32. c5 a4 33. Rxd4 axb3 34. axb3 Qa8+ 35. Ke3 Qh1 36. h4 Qg1+ 37. Qf2 Qc1+ 38. Qd2 Qxc5 39. Qxb4 Qc1+ 40. Rd2 Rc3+ 41. Ke2 Rxg3 42. Qd4 Rg2+ 43. Ke3 Qe1+ 44. Kf3 Rxd2 45. Qc5 Rd3+ 46. Kg2 Qg3+ 47. Kf1 Rf3+ 48. Ke2 Qg2+ 0-1

[Event "GER-ch Rapid Women 2017"]
[Site "Erfurt"]
[Date "2017.07.29"]
[Round "2"]
[White "Muetsch, Annmarie"]
[Black "Michna, Marta"]
[Result "1/2-1/2"]
[ECO "B07"]
[WhiteElo "2049"]
[BlackElo "2377"]
[Annotator "NA"]
[PlyCount "93"]
[EventDate "2017.??.??"]
[EventType "swiss"]
[EventCountry "GER"]
[SourceTitle "playchess.com"]
[Source "ChessBase"]
[SourceQuality "1"]
[TimeControl "1200"]

1. e4 d6 2. d4 Nf6 3. Nc3 Nc6 4. Nf3 Bg4 5. Be2 e5 $14 {[%emt 0:00:23] LiveBook: 43 Games} 6. d5 Nb8 7. h3 Bxf3 8. Bxf3 Be7 9. O-O O-O 10. Ne2 c6 11. c4 a5 12. Ng3 g6 13. Bh6 Re8 14. Qd2 Kh8 15. h4 Na6 16. h5 Nc5 17. b3 b5 18. Rac1 b4 19. Be3 Qb6 20. Rb1 Rg8 21. hxg6 fxg6 22. Qc2 Raf8 23. Be2 h5 24. f3 h4 25. Nh1 Nh5 26. Nf2 Nf4 27. Nd3 Bg5 28. Bxc5 dxc5 29. Nxe5 cxd5 30. Nd7 Qd6 31. Nxf8 d4 32. Bd3 Rxf8 33. e5 Qxe5 34. Rbe1 Qf6 35. Re4 Nh5 36. f4 Bxf4 37. Be2 g5 38. Bxh5 Be3+ 39. Kh2 Qxf1 40. Bf3 Qg1+ 41. Kh3 Qh1+ 42. Kg4 Qh2 43. Re7 Qf4+ 44. Kh5 Rf7 45. Re8+ Rf8 46. Re7 Rf7 47. Re8+ 1/2-1/2

[Event "GER-ch Rapid Women 2017"]
[Site "Erfurt"]
[Date "2017.07.29"]
[Round "2"]
[White "Rath, Alina"]
[Black "Hess, Olena"]
[Result "1-0"]
[ECO "A36"]
[WhiteElo "2035"]
[BlackElo "2094"]
[Annotator "NA"]
[PlyCount "111"]
[EventDate "2017.??.??"]
[EventType "swiss"]
[EventCountry "GER"]
[SourceTitle "playchess.com"]
[Source "ChessBase"]
[SourceQuality "1"]
[TimeControl "1200"]

1. c4 c5 2. Nc3 Nc6 3. g3 g6 4. Bg2 Bg7 5. e4 d6 6. Nge2 e6 7. O-O Nge7 8. d3 O-O 9. Be3 Nd4 10. Rb1 Nec6 11. a3 Rb8 12. b4 b6 13. Qd2 Bb7 14. h3 Qc7 15. Bxd4 cxd4 16. Nb5 Qd7 17. a4 a6 18. Na3 a5 19. bxa5 bxa5 20. Nb5 e5 21. Nc1 Ba6 22. Nb3 Qd8 23. Rfc1 Nb4 24. Nxa5 Qxa5 25. Qxb4 Qxb4 26. Rxb4 Bxb5 27. Rxb5 Bh6 28. Rcb1 Ra8 29. a5 Bd2 30. Rd5 Ra6 31. Rb6 Rxb6 32. axb6 Bb4 33. Rb5 Bc5 34. b7 Rb8 35. h4 Kf8 36. Bh3 Ke7 37. Bc8 Kd8 38. Kg2 Kc7 39. f4 f6 40. fxe5 fxe5 41. Rb1 Kd8 42. Rf1 Ke7 43. Kh3 Bb6 44. Ra1 Bd8 45. Ra8 Bc7 46. Kg4 Kf6 47. Ra1 Bd8 48. Rf1+ Kg7 49. h5 Be7 50. Rb1 Bd8 51. Be6 Be7 52. Bd5 Bf6 53. Ra1 Bd8 54. Rf1 Bf6 55. h6+ Kxh6 56. Rxf6 1-0

[Event "GER-ch Rapid Women 2017"]
[Site "Erfurt"]
[Date "2017.07.29"]
[Round "2"]
[White "Daemering, Katrin"]
[Black "Zahn, Alina"]
[Result "1-0"]
[ECO "C60"]
[WhiteElo "2033"]
[BlackElo "2025"]
[Annotator "NA"]
[PlyCount "111"]
[EventDate "2017.??.??"]
[EventType "swiss"]
[EventCountry "GER"]
[SourceTitle "playchess.com"]
[Source "ChessBase"]
[SourceQuality "1"]
[TimeControl "1200"]

1. e4 e5 2. Nf3 Nc6 3. Bb5 g6 4. O-O Bg7 5. c3 Nge7 6. d4 exd4 7. cxd4 d5 8. exd5 Nxd5 9. Bxc6+ bxc6 10. Re1+ Ne7 11. Qe2 Be6 12. Ng5 Qd7 13. Nxe6 fxe6 14. Qxe6 Qxe6 15. Rxe6 Kf7 16. Re4 Nf5 17. Bf4 c5 18. Nd2 cxd4 19. Bxc7 Rac8 20. Ba5 Rc2 21. Rae1 Rhc8 22. g4 Nh4 23. Re7+ Kg8 24. Kf1 Rc1 25. Rxa7 d3 26. Rxg7+ Kxg7 27. Bc3+ Kf7 28. Rxc1 Re8 29. f3 Re2 30. Kg1 Rg2+ 31. Kh1 Re2 32. a4 Ke6 33. a5 Kd5 34. a6 Re8 35. a7 g5 36. Ra1 Ra8 37. Kg1 Ng6 38. Ne4 h6 39. Kf2 Nf4 40. Ke3 Kc6 41. Be5 Kb7 42. Bb8 Ne6 43. Kxd3 Kc6 44. Nf6 Nc5+ 45. Kc4 Ne6 46. b4 Kb7 47. b5 Nd8 48. Nd7 Nf7 49. Kd5 Kc8 50. Kc6 Nd8+ 51. Kd6 Nf7+ 52. Ke7 Nh8 53. Nb6+ Kb7 54. Nxa8 Kxa8 55. Kf6 Kb7 56. Kg7 1-0

[Event "GER-ch Rapid Women 2017"]
[Site "Erfurt"]
[Date "2017.07.29"]
[Round "2"]
[White "Zimmer, Elke"]
[Black "Bachmann, Sylvia"]
[Result "0-1"]
[ECO "C55"]
[WhiteElo "1950"]
[BlackElo "1677"]
[Annotator "NA"]
[PlyCount "91"]
[EventDate "2017.??.??"]
[EventType "swiss"]
[EventCountry "GER"]
[SourceTitle "playchess.com"]
[Source "ChessBase"]
[SourceQuality "1"]
[TimeControl "1200"]

1. e4 e5 2. Nf3 Nc6 3. Bc4 Nf6 4. d3 Be7 5. Nc3 O-O 6. h3 h6 7. Be3 d6 8. Nd5 Be6 9. c3 Qd7 10. Nxe7+ Qxe7 11. Bb3 d5 12. Bc2 dxe4 13. dxe4 Rfd8 14. Qe2 Rd7 15. O-O Rad8 16. Ba4 Nxe4 17. Bxc6 bxc6 18. Nxe5 Rd6 19. Qf3 f5 20. Ng6 Qf6 21. Nf4 Bc4 22. Rfd1 Ng5 23. Qh5 Rxd1+ 24. Rxd1 Bxa2 25. Rxd8+ Qxd8 26. Bd4 Bf7 27. Qe2 Ne4 28. Qc2 Qg5 29. Be3 Qf6 30. Bxa7 Bd5 31. Qd3 Qd6 32. Nxd5 cxd5 33. Qd4 c5 34. Qd1 Nf6 35. Qb3 Kh7 36. Qb5 c4 37. Qb7 Qe5 38. Bd4 Qe1+ 39. Kh2 Qe6 40. f3 Nh5 41. Qc7 Qg6 42. Qe5 f4 43. Bf2 Ng3 44. Qxd5 Nf1+ 45. Kg1 Qb1 46. Qe4+ {[%emt 0:00:01] Nd2+ [%clk 0:01:07]} 0-1

[Event "GER-ch Rapid Women 2017"]
[Site "Erfurt"]
[Date "2017.07.29"]
[Round "2"]
[White "Perez Celis, Alba"]
[Black "Mader, Lena"]
[Result "1-0"]
[ECO "B20"]
[WhiteElo "1790"]
[BlackElo "1880"]
[Annotator "NA"]
[PlyCount "73"]
[EventDate "2017.??.??"]
[EventType "swiss"]
[EventCountry "GER"]
[SourceTitle "playchess.com"]
[Source "ChessBase"]
[SourceQuality "1"]
[TimeControl "1200"]

1. e4 c5 2. Ne2 e6 3. Nbc3 d5 4. exd5 exd5 5. d4 Nf6 6. Bg5 Be7 7. dxc5 O-O 8. Qd2 h6 9. Be3 Na6 10. O-O-O Be6 11. Nd4 Nxc5 12. f3 a6 13. g4 Rc8 14. g5 hxg5 15. Bxg5 Nh7 16. Be3 b5 17. Rg1 Bf6 18. Qg2 b4 19. Nxe6 fxe6 20. Bxc5 Rxc5 21. Na4 Rc7 22. Bd3 Ng5 23. f4 Nh7 24. Qg6 Qd7 25. Qxh7+ Kf7 26. b3 Rfc8 27. f5 e5 28. Nb6 Qc6 29. Nxc8 e4 30. Qh5+ Kf8 31. Nd6 exd3 32. Qh8+ Ke7 33. Rge1+ Be5 34. Qxg7+ Kxd6 35. Qxe5+ Kc5 36. Rxd3 Kb5 37. Rxd5+ {[%emt 0:00:04] Qxc2# [%clk 0:00:43]} 1-0

[Event "GER-ch Rapid Women 2017"]
[Site "Erfurt"]
[Date "2017.07.29"]
[Round "2"]
[White "Yueksel, Anja"]
[Black "Ganser, Ganokorn"]
[Result "0-1"]
[ECO "B90"]
[WhiteElo "1472"]
[BlackElo "1698"]
[Annotator "NA"]
[PlyCount "100"]
[EventDate "2017.??.??"]
[EventType "swiss"]
[EventCountry "GER"]
[SourceTitle "playchess.com"]
[Source "ChessBase"]
[SourceQuality "1"]
[TimeControl "1200"]

1. e4 c5 2. Nf3 d6 3. d4 cxd4 4. Nxd4 Nf6 5. Nc3 a6 6. Be3 e5 7. Nf3 Be7 8. Be2 O-O 9. O-O Nbd7 10. Nd5 Nxd5 11. Qxd5 Nf6 12. Qd2 Nxe4 13. Qd3 Nf6 14. c3 e4 15. Qd4 exf3 16. Bxf3 Qa5 17. Rfd1 Qe5 18. Qb6 Bd8 19. Qb4 Bc7 20. Bd4 Qb5 21. Bxf6 Qxb4 22. cxb4 gxf6 23. Rac1 Bb6 24. Rxd6 Bd8 25. Rcd1 Be7 26. R6d4 Rb8 27. Re1 Be6 28. b3 Rfd8 29. Rh4 Rd2 30. a3 Rbd8 31. h3 Rb2 32. Be4 f5 33. Bxb7 Bxh4 34. g3 Bf6 35. Bxa6 Rdd2 36. Rf1 Bxb3 37. b5 Bc4 38. Rc1 Bxb5 39. Rc8+ Kg7 40. Bxb5 Rxb5 41. Rc1 Ra2 42. h4 Bd4 43. Rf1 Rbb2 44. Kh2 Rxf2+ 45. Rxf2 Rxf2+ 46. Kh3 Rf1 47. Kg2 Rb1 48. a4 Kf6 49. a5 Ke5 50. a6 Ke4 {[%emt 0:00:05] Kf1 [%clk 0:00:00] Kf3# [%clk 0:05:21] Ke1 [%clk 0:00:00]} 0-1